 Dungeon Crawl Stone Soup version 0.25-a0-290-g4a1327e (webtiles) character file.

Game seed: 4789348816005136482, levelgen mode: deterministic

202615 relicbr the Earth Mage (level 18, -9/107 HPs)
             Began as a Deep Elf Earth Elementalist on Dec 13, 2019.
             Was the Champion of Vehumet.
             Mangled by Asterion
             ... wielding a +1 demon blade of freezing
              (34 damage)
             ... on level 4 of the Snake Pit on Dec 14, 2019.
             The game lasted 03:46:03 (42846 turns).

relicbr the Earth Mage (DEEE)                      Turns: 42846, Time: 03:46:04

Health: -9/107     AC: 14    Str: 10    XL:     18   Next: 33%
Magic:  7/34       EV: 28    Int: 34    God:    Vehumet [******]
Gold:   494        SH:  8    Dex: 15    Spells: 8/37 levels left

rFire    . . .     SeeInvis .   a - +12 Vampire's Tooth {vamp}
rCold    + . .     Gourm    .   F - +3 buckler of Music {rCorr Int+2}
rNeg     . . .     Faith    .   t - +2 robe {rC+}
rPois    +         Spirit   .   b - +2 helmet {Int+3}
rElec    +         Reflect  .   z - +0 cloak {rPois}
rCorr    +         Harm     .   K - +2 pair of gloves
MR       ++...                  r - +2 pair of boots {Fly}
Stlth    ++........             A - amulet of the Air {Inacc +Fly rElec EV+5 RMsl}
HPRegen  0.27/turn              n - +4 ring of evasion
MPRegen  0.24/turn              Y - ring "Uforhon" {MR+ Str+5 Slay+4}

@: flying, repel missiles
A: no striking features
a: Renounce Religion, Stop Flying


You were on level 4 of the Snake Pit.
You worshipped Vehumet.
Vehumet was exalted by your worship.
You were not hungry.

You visited 6 branches of the dungeon, and saw 29 of its levels.
You also visited: Gauntlet.

You collected 4115 gold pieces.
You spent 3621 gold pieces at shops.

Inventory:

Hand Weapons
 a - the +12 Vampire's Tooth (weapon) {vamp}
   (You found it on level 1 of the Lair of Beasts)

   It inflicts no extra harm, but heals its wielder when it wounds a living foe.
Missiles
 c - 313 stones (quivered)
Armour
 b - a +2 helmet of intelligence (worn)
 r - a +2 pair of boots of flying (worn)
 s - the +1 pair of boots of the Locust {rPois Dex+6 Slay-6}
   (You found it on level 13 of the Dungeon)

   It affects your dexterity (+6).
   It affects your accuracy and damage with ranged weapons and melee attacks
   (-6).
   It protects you from poison.
 t - a +2 robe of cold resistance (worn)
 z - a +0 cloak of poison resistance (worn)
 B - a +0 cloak of invisibility
 F - the +3 buckler of Music (worn) {rCorr Int+2}
   (You found it in a Gauntlet)

   It affects your intelligence (+2).
   It provides partial protection from all sources of acid and corrosion.
 K - a +2 pair of gloves (worn)
Jewellery
 n - a +4 ring of evasion (left hand)
 p - the amulet "Mepiw" {Gourm Dex+7 SInv}
   (You bought it in a shop on level 2 of the Orcish Mines)

   [amulet of the gourmand]

   It allows you to eat raw meat even when not hungry.
   It affects your dexterity (+7).
   It lets you see invisible.
 A - the amulet of the Air (around neck) {Inacc +Fly rElec EV+5 RMsl}
   (You found it in a Gauntlet)

   [amulet of inaccuracy]

   It reduces the accuracy of all your attacks.
   It affects your evasion (+5).
   It insulates you from electricity.
   It lets you fly.
   It protects you from missiles.
 J - an uncursed ring of flight {unknown}
 M - an uncursed ring of protection from cold
 T - an uncursed ring of resist corrosion
 Y - the ring "Uforhon" (right hand) {MR+ Str+5 Slay+4}
   (You found it on level 1 of the Lair of Beasts)

   [ring of strength]

   It affects your strength (+5).
   It affects your accuracy and damage with ranged weapons and melee attacks
   (+4).
   It affects your resistance to hostile enchantments.
Wands
 m - a wand of digging (11)
 x - a wand of paralysis (7)
 D - a wand of acid (38)
 P - a wand of disintegration (21)
 Q - a wand of clouds (6)
 R - a wand of iceblast (52)
Scrolls
 g - 17 scrolls of teleportation
 h - a scroll of fog
 j - 12 scrolls of remove curse
 v - 2 scrolls of fear
 y - 4 scrolls of magic mapping
 E - a scroll of identify
 H - a scroll of amnesia
 I - a scroll of enchant weapon
Potions
 e - a potion of resistance
 f - 5 potions of ambrosia {unknown}
 i - 5 potions of heal wounds
 k - a potion of invisibility
 q - a potion of brilliance
 u - a potion of agility
 w - 10 potions of curing
 C - a potion of mutation
 G - 3 potions of haste
Miscellaneous
 l - a crystal ball of energy
Comestibles
 d - 37 rations


   Skills:
 - Level 10.0 Fighting
 - Level 8.0 Short Blades
 - Level 10.1 Dodging
 - Level 2.4 Stealth
 - Level 4.4 Shields
 * Level 10.1 Spellcasting
 - Level 12.5 Conjurations
 - Level 10.0 Hexes
   Level 1.1 Transmutations
 - Level 10.0 Fire Magic
 - Level 10.1 Ice Magic
 * Level 9.2 Air Magic
 - Level 16.2 Earth Magic
 - Level 14.3 Evocations


You had 8 spell levels left.
You knew the following spells:

 Your Spells              Type           Power        Failure   Level  Hunger
a - Sandblast             Erth           ######       0%          1    None
b - Stone Arrow           Conj/Erth      ######       0%          3    None
c - Confusing Touch       Hex            ######       1%          1    None
d - Lee's Rapid Deconstr  Erth           #######...   1%          5    ##.....
e - Swiftness             Chrm/Air       #####...     1%          2    None
f - Fireball              Conj/Fire      #######...   1%          5    ##.....
g - Iron Shot             Conj/Erth      #######...   1%          6    #####..
h - Freezing Cloud        Conj/Ice/Air   ######....   1%          6    #####..

Your spell library contained the following spells:

 Spells                   Type           Power        Failure   Level  Hunger
 Lehudib's Crystal Spear  Conj/Erth      #######...   13%         8    #######
 Chain Lightning          Conj/Air       ######....   43%         8    #######
 Fire Storm               Conj/Fire      #######...   99%         9    #######
 Magic Dart               Conj           ####         0%          1    None
 Beastly Appendage        Tmut           ###...       1%          1    None
 Corona                   Hex            ######.      1%          1    None
 Foxfire                  Conj/Fire      ####         1%          1    None
 Freeze                   Ice            ####         1%          1    None
 Shock                    Conj/Air       ####         1%          1    None
 Ensorcelled Hibernation  Hex/Ice        ######       1%          2    None
 Passwall                 Tmut/Erth      ######..     1%          2    None
 Poisonous Vapours        Pois/Air       #####.       1%          2    None
 Slow                     Hex            ######..     1%          2    None
 Confuse                  Hex            ######..     1%          3    None
 Conjure Flame            Conj/Fire      #######.     1%          3    None
 Dazzling Flash           Conj/Hex       ######       1%          3    None
 Ignite Poison            Fire/Tmut/Pois #####...     1%          3    None
 Inner Flame              Hex/Fire       ######..     1%          3    None
 Mephitic Cloud           Conj/Pois/Air  ######..     1%          3    None
 Ozocubu's Armour         Chrm/Ice       ######..     1%          3    None
 Portal Projectile        Hex/Tloc       ######       1%          3    None
 Static Discharge         Conj/Air       ######..     1%          3    None
 Summon Guardian Golem    Hex/Summ       ######..     1%          3    None
 Tukima's Dance           Hex            ######..     1%          3    None
 Airstrike                Air            ######....   1%          4    None
 Cause Fear               Hex            ######....   1%          4    None
 Hailstorm                Conj/Ice       #######.     1%          4    None
 Leda's Liquefaction      Hex/Erth       #######...   1%          4    None
 Petrify                  Tmut/Erth      ######..     1%          4    None
 Sticky Flame             Conj/Fire      #######.     1%          4    None
 Lightning Bolt           Conj/Air       ######....   1%          5    ##.....
 Metabolic Englaciation   Hex/Ice        ######....   1%          5    ##.....
 Ozocubu's Refrigeration  Ice            ######....   1%          6    #####..
 Animate Skeleton         Necr           N/A          2%          1    None
 Apportation              Tloc           ###...       2%          1    None
 Pain                     Necr           ###.         2%          1    None
 Sting                    Tmut/Pois      ###.         2%          1    None
 Summon Small Mammal      Summ           ###.         2%          1    None
 Sticks to Snakes         Tmut           ###.....     2%          2    None
 Ice Form                 Ice/Tmut       ######..     2%          4    None
 Summon Ice Beast         Ice/Summ       ######..     3%          4    None
 Call Imp                 Summ           ###.....     4%          2    None
 Summon Lightning Spire   Summ/Air       #####...     4%          4    None
 Spider Form              Tmut/Pois      ###.......   6%          3    None
 Olgreb's Toxic Radiance  Pois           ###.....     7%          4    None
 Darkness                 Hex            ######....   7%          6    #####..
 Invisibility             Hex            ######..     7%          6    #####..
 Call Canine Familiar     Summ           ###.....     8%          3    None
 Passage of Golubria      Tloc           N/A          26%         4    None
 Blade Hands              Tmut           ###.......   43%         5    ##.....
 Simulacrum               Ice/Necr       ######....   45%         6    #####..


Dungeon Overview and Level Annotations

Branches:
Dungeon (15/15)            Temple (1/1) D:7            Lair (6/6) D:11
 Shoals (0/4) Lair:2        Snake (4/4) Lair:3        Slime (0/5) Lair:5
    Orc (2/2) D:10            Elf (0/3) Orc:2        Vaults (0/5) D:13
 Depths (1/5) D:15        Gauntlet (visited)

Altars:
Ashenzari
Cheibriados
Dithmenos
Elyvilon
Fedhas
Gozag
Hepliaklqana
Kikubaaqudgha
Makhleb
Nemelex Xobeh
Okawaru
Qazlal
Ru
Sif Muna
Trog
Uskayaw
Vehumet
Wu Jian
Xom
Yredelemnul
Zin
The Shining One

Shops:
D:5 [   D:12 *   Orc:2 *(=[   Snake:1 *   Snake:3 !   Depths:1 *

Portals:
Hell: Depths:1
Abyss: Depths:1
Pandemonium: Depths:1

Annotations:
D:15 1 runed translucent door
Snake:4 Asterion


Message History

Ouch! That really hurt!
* * * LOW HITPOINT WARNING * * *
Asterion slowly taps his weapon in his hand.
Asterion conjures a destructive force in the name of Makhleb!
The sticky flame hits you but does no damage.
You are covered in liquid flames!
The green death gestures at you. The bolt of poison misses you.
You are covered in liquid flames!
* * * LOW HITPOINT WARNING * * *
You feel better.
You are covered in liquid flames!
* * * LOW HITPOINT WARNING * * *
Asterion misses you. Asterion gores you.
* * * LOW HITPOINT WARNING * * *
You feel much better.
You are covered in liquid flames!
* * * LOW HITPOINT WARNING * * *
Asterion hits you with a +1 demon blade of freezing!!
You die...

######## ############
.......#####..........###########
.........................<((.....
..........)....H@.........((..(..
......).....2.............((...[.
..............................((.
........(.......................(
................................(
.....)######.............########
.....°# #.............# # .....°#
##............# # ......#
#............# #


You could see Asterion and a green death.

Vanquished Creatures
  Vashnia (Snake:4)
  A sphinx (Depths:1)
  A nagaraja (Snake:3)
  The ghost of flyleaff the Fighter, a journeyman MiMo of Makhleb (Snake:1)
  2 fire giants
  A frost giant (Depths:1)
  An orc warlord (Orc:1)
  A very ugly thing (Depths:1)
  A spriggan defender (Depths:1)
  The ghost of Zonian the Unseen, an adept SpEn of Ashenzari (Snake:2)
  2 stone giants (Depths:1)
  Nessos (Orc:2)
  Azrael (D:12)
  Snorg (D:11)
  A minotaur (Gauntlet)
  4 ettins
  3 fire dragons
  Josephine (D:12)
  The ghost of Wubbuut the Earth Mage, a journeyman GrEE (D:13)
  A rakshasa (Depths:1)
  3 yaktaur captains (Depths:1)
  Fannar (D:12)
  3 ice dragons
  2 vault guards (D:13)
  4 hydras
  4 catoblepae (Lair:6)
  6 naga warriors
  6 centaur warriors
  7 ogre magi
  A deep troll shaman (Depths:1)
  The ghost of Pooter the Basher, a novice MiBe of Trog (D:9)
  2 death knights
  10 anacondas
  A dancing weapon (Snake:2)
  A death scarab (Gauntlet)
  27 two-headed ogres
  An orc high priest (Orc:1)
  7 death yaks (Lair:6)
  2 thrashing horrors (Gauntlet)
  A tengu warrior (D:15)
  Urug (Lair:1)
  4 deep troll earth magi (Depths:1)
  13 naga sharpshooters
  8 shock serpents
  Sonja (D:12)
  Nergalle (D:11)
  3 salamander mystics
  4 skeletal warriors (D:15)
  7 deep trolls (Depths:1)
  A shadow wraith (D:13)
  An unseen horror (D:10)
  2 wizards (Depths:1)
  An obsidian statue (Snake:1)
  Pikel (D:5)
  5 naga ritualists
  2 necromancers (D:13)
  An orc knight (D:15)
  A deep elf mage (D:15)
  2 orc sorcerers
  6 mana vipers
  5 cyclopes
  3 oklob plants
  18 ugly things
  5 manticores
  12 salamanders
  Maurice (D:11)
  A spectral centaur (D:13)
  8 elephants
  31 black mambas
  2 guardian serpents
  2 centaur zombies
  A smoke demon (D:15)
  Joseph (D:8)
  A black mamba (shapeshifter) (D:13)
  An ice statue (D:10)
  Psyche (D:9)
  10 naga magi
  A torpor snail (Lair:1)
  3 gargoyles
  12 spiny frogs
  6 komodo dragons
  4 yaktaurs
  A rime drake (Lair:3)
  A kobold demonologist (D:15)
  2 tengu conjurers (Depths:1)
  An ice devil (D:15)
  A freezing wraith (D:15)
  A queen bee (D:8)
  6 trolls
  11 polar bears
  3 meliai (D:14)
  A harpy zombie (D:13)
  18 slime creatures
  36 blink frogs
  5 dream sheep (Lair:6)
  8 hippogriffs
  A meliai zombie (D:15)
  Sigmund (D:3)
  A centaur simulacrum (D:13)
  3 flying skulls (Gauntlet)
  6 wraiths
  A water elemental (D:13)
  Eustachio (D:4)
  3 spriggans (D:9)
  19 humans (D:13)
  5 wyverns
  38 yaks
  3 fire elementals (D:12)
  4 basilisks
  6 hungry ghosts
  5 wargs
  A spectral spiny frog (Gauntlet)
  11 vampire mosquitoes
  41 nagas
  11 water moccasins
  5 hell hounds (D:12)
  A hornet zombie (D:12)
  A swamp drake (D:11)
  26 orc warriors
  6 porcupines
  3 slaves (D:4)
  A sky beast (D:11)
  7 phantoms
  3 eyes of draining
  A necrophage (D:12)
  4 ice beasts
  9 black bears
  40 ogres
  18 centaurs
  27 wolves
  7 crocodiles
  15 bullfrogs
  A big kobold (D:9)
  2 wyvern zombies
  2 small abominations (Gauntlet)
  3 scorpions
  A wyvern skeleton (D:14)
  18 killer bees
  16 wights
  3 electric eels
  3 howler monkeys (D:9)
  9 crimson imps
  3 lava snakes (Snake:1)
  2 bullfrog zombies
  3 jellies
  4 bullfrog skeletons
  17 orc wizards
  17 orc priests
  A gnoll shaman (D:5)
  6 hounds
  8 centaur skeletons
  Ijyb (D:3)
  3 iguanas
  10 worker ants
  A killer bee zombie (D:5)
  A hound zombie (D:9)
  2 hound skeletons (D:8)
  Robin (D:4)
  2 howler monkey skeletons
  3 gnolls (D:5)
  12 adders
  7 shadow imps
  6 white imps
  2 oozes (D:3)
  2 adder zombies
  An adder skeleton (D:5)
  3 worms (D:2)
  2 dart slugs
  6 leopard geckos
  79 orcs
  6 bats
  7 giant cockroaches
  15 goblins
  10 hobgoblins
  14 jackals
  4 quokkas
  3 ball pythons
  5 frilled lizards
  12 kobolds
  2 leopard gecko zombies
  A quokka skeleton (D:7)
  A quokka zombie (D:5)
  10 rats
  5 bushes (Lair:6)
  2 fungi
  3 plants
1104 creatures vanquished.

Vanquished Creatures (others)
  An orc wizard (D:11)
  A quokka (D:8)
  5 bushes
  23 fungi
  16 plants
46 creatures vanquished.

Grand Total: 1150 creatures vanquished

Notes
Turn   | Place    | Note
-------+----------+-------------------------------------------
     0 | D:1      | relicbr the Deep Elf Earth Elementalist began the quest for
                  | the Orb.
     0 | D:1      | Reached XP level 1. HP: 10/10 MP: 6/6
   193 | D:1      | Reached skill level 4 in Earth Magic
   193 | D:1      | Reached XP level 2. HP: 13/15 MP: 2/8
   712 | D:1      | Reached XP level 3. HP: 19/19 MP: 9/9
   890 | D:2      | Reached skill level 5 in Earth Magic
   986 | D:2      | Reached XP level 4. HP: 24/24 MP: 6/10
  1625 | D:3      | Reached skill level 6 in Earth Magic
  1633 | D:3      | Reached XP level 5. HP: 17/28 MP: 1/11
  2238 | D:3      | Noticed Ijyb
  2248 | D:3      | Paralysed by Ijyb for 6 turns
  2256 | D:3      | Paralysed by Ijyb for 5 turns
  2273 | D:3      | Killed Ijyb
  2520 | D:3      | Learned a level 3 spell: Stone Arrow
  2555 | D:3      | Reached skill level 7 in Earth Magic
  2559 | D:3      | Noticed Sigmund
  2783 | D:3      | Noticed a centaur
  2790 | D:3      | Killed a centaur
  2790 | D:3      | Reached XP level 6. HP: 7/32 MP: 6/12
  3234 | D:3      | Killed Sigmund
  3234 | D:3      | Reached skill level 8 in Earth Magic
  3335 | D:4      | Noticed Eustachio
  3360 | D:4      | Killed Eustachio
  3360 | D:4      | Reached skill level 9 in Earth Magic
  3360 | D:4      | Reached XP level 7. HP: 36/36 MP: 10/13
  3747 | D:4      | Reached skill level 10 in Earth Magic
  3961 | D:4      | Reached skill level 1 in Fighting
  4126 | D:4      | Noticed Robin
  4139 | D:4      | Killed Robin
  4402 | D:5      | Entered Level 5 of the Dungeon
  4531 | D:5      | Noticed Pikel
  4631 | D:5      | Killed Pikel
  4631 | D:5      | Reached XP level 8. HP: 48/48 MP: 8/14
  4849 | D:5      | Found Bikiffap's Antique Armour Boutique.
  4868 | D:5      | Reached skill level 5 in Fighting
  5429 | D:6      | Reached XP level 9. HP: 56/56 MP: 13/15
  5494 | D:6      | Learned a level 1 spell: Confusing Touch
  5542 | D:6      | Identified A Beginning Course on Hermeneutics
  6118 | D:5      | Bought a shiny buckler for 217 gold pieces
  6347 | D:7      | Reached skill level 1 in Shields
  6727 | D:7      | Found a blossoming altar of Fedhas.
  6772 | D:7      | Found a staircase to the Ecumenical Temple.
  6794 | Temple   | Entered the Ecumenical Temple
  7550 | D:5      | Bought a glowing robe for 107 gold pieces
  7899 | D:8      | Found a radiant altar of Vehumet.
  7917 | D:8      | Became a worshipper of Vehumet
  8003 | D:8      | Found a white marble altar of Elyvilon.
  8105 | D:8      | Noticed Joseph
  8173 | D:8      | Noticed a two-headed ogre
  8192 | D:8      | Killed a two-headed ogre
  8192 | D:8      | Reached XP level 10. HP: 65/65 MP: 2/16
  8504 | D:8      | Reached * piety under Vehumet
  8504 | D:8      | Offered knowledge of Freeze by Vehumet.
  9124 | D:9      | Reached ** piety under Vehumet
  9124 | D:9      | Offered knowledge of Searing Ray by Vehumet.
  9230 | D:9      | Found a runed translucent door.
  9232 | D:9      | Identified the +1 spear "Aggecvun" {freeze, SInv}
  9232 | D:9      | Noticed Pooter's ghost (novice MiBe)
  9481 | D:9      | Reached skill level 10 in Fighting
  9485 | D:9      | Reached skill level 1 in Hexes
  9672 | D:9      | Noticed Psyche
  9683 | D:9      | Killed Psyche
  9744 | D:9      | Reached skill level 5 in Hexes
  9847 | D:9      | Offered knowledge of Dazzling Flash by Vehumet.
 10343 | D:8      | Killed Joseph
 10343 | D:8      | Reached skill level 5 in Spellcasting
 10501 | D:10     | Entered Level 10 of the Dungeon
 10683 | D:10     | Noticed a gargoyle
 10702 | D:10     | Killed a gargoyle
 10826 | D:10     | Killed an unseen horror
 10826 | D:10     | Reached XP level 11. HP: 39/72 MP: 10/24
 11036 | D:10     | Found a staircase to the Orcish Mines.
 11717 | D:11     | Reached *** piety under Vehumet
 12010 | D:11     | Reached skill level 10 in Spellcasting
 12036 | D:11     | Noticed Snorg
 12364 | D:11     | Reached skill level 1 in Conjurations
 12561 | D:11     | Offered knowledge of Olgreb's Toxic Radiance by Vehumet.
 12733 | D:11     | Found a staircase to the Lair.
 12742 | D:11     | Learned a level 5 spell: Lee's Rapid Deconstruction
 12884 | D:11     | Noticed a two-headed ogre
 12889 | D:11     | Killed a two-headed ogre
 12968 | D:11     | Killed Snorg
 12968 | D:11     | Reached skill level 5 in Conjurations
 12973 | D:11     | Noticed Maurice
 13044 | D:11     | Killed Maurice
 13194 | D:11     | Noticed Nergalle
 13311 | D:11     | Killed Nergalle
 13436 | D:11     | Reached **** piety under Vehumet
 13572 | D:11     | Reached skill level 11 in Earth Magic
 13880 | Lair:1   | Entered Level 1 of the Lair of Beasts
 13962 | Lair:1   | Reached XP level 12. HP: 77/77 MP: 17/28
 14014 | Lair:1   | Noticed Urug
 14030 | Lair:1   | Killed Urug
 14177 | Lair:1   | Offered knowledge of Irradiate by Vehumet.
 14374 | Lair:1   | Reached skill level 12 in Earth Magic
 14445 | Lair:1   | Noticed an ice dragon
 14480 | Lair:1   | Killed an ice dragon
 14595 | Lair:1   | Found the +12 Vampire's Tooth {vamp}
 14608 | Lair:1   | Got a crude jade ring
 14649 | Lair:1   | Identified the ring "Uforhon" {MR+ Str+5 Slay+4} (You found
                  | it on level 1 of the Lair of Beasts)
 15116 | Lair:1   | Reached skill level 13 in Earth Magic
 15532 | Lair:2   | Learned a level 2 spell: Swiftness
 15585 | Lair:2   | Reached skill level 1 in Short Blades
 15692 | Lair:2   | Reached ***** piety under Vehumet
 15802 | Lair:2   | Offered knowledge of Iskenderun's Battlesphere by Vehumet.
 16300 | Lair:2   | Found a staircase to the Shoals.
 16653 | Lair:2   | Reached skill level 5 in Short Blades
 16720 | Lair:2   | Got a polished short sword
 16722 | Lair:2   | Identified the +4 short sword of Res Nullius {vamp, +Inv
                  | MR- Str+7} (You found it on level 2 of the Lair of Beasts)
 17079 | Lair:3   | Found a staircase to the Snake Pit.
 17594 | Lair:3   | Reached XP level 13. HP: 82/82 MP: 29/29
 18682 | Lair:4   | Got a crystal war axe
 18683 | Lair:4   | Identified the +9 war axe of the Tundras {venom, *Corrode
                  | rN++ Int+2} (You found it on level 4 of the Lair of Beasts)
 18774 | Lair:5   | Found a gate leading to a gauntlet.
 18814 | Gauntlet | Entered a Gauntlet
 18814 | Gauntlet | Found a transporter.
 18814 | Gauntlet | Found a transporter.
 18815 | Gauntlet | Found a transporter.
 18815 | Gauntlet | Found a transporter.
 18819 | Gauntlet | Found a transporter.
 18822 | Gauntlet | Found a transporter.
 18843 | Gauntlet | Found a transporter.
 18847 | Gauntlet | Found a transporter.
 18858 | Gauntlet | Found a transporter.
 18858 | Gauntlet | Found a transporter.
 18869 | Gauntlet | Found a transporter.
 18870 | Gauntlet | Found the amulet of the Air {Inacc +Fly rElec EV+5 RMsl}
 18936 | Gauntlet | Reached skill level 5 in Dodging
 19344 | Gauntlet | Found a transporter.
 19354 | Gauntlet | Noticed a minotaur
 19360 | Gauntlet | Killed a minotaur
 19383 | Gauntlet | Got a distressingly furry buckler
 19554 | Lair:5   | Identified the +3 buckler of Music {rCorr Int+2} (You found
                  | it in a Gauntlet)
 20391 | Lair:5   | Reached skill level 10 in Dodging
 20546 | Lair:5   | Found a staircase to the Slime Pits.
 20639 | Lair:5   | Reached skill level 14 in Earth Magic
 20949 | Lair:6   | Entered Level 6 of the Lair of Beasts
 21238 | Lair:6   | Reached XP level 14. HP: 88/88 MP: 18/30
 21763 | Lair:6   | Reached skill level 15 in Earth Magic
 22663 | Lair:6   | Offered knowledge of Ozocubu's Refrigeration by Vehumet.
 22946 | Lair:6   | Reached skill level 16 in Earth Magic
 23500 | Lair:6   | Learned a level 5 spell: Fireball
 23867 | Orc:1    | Entered Level 1 of the Orcish Mines
 24070 | Orc:2    | Entered Level 2 of the Orcish Mines
 24160 | Orc:2    | Reached skill level 1 in Fire Magic
 24177 | Orc:2    | Noticed an orc warlord
 24348 | Orc:1    | Killed an orc warlord
 25010 | Orc:1    | Offered knowledge of Spellforged Servitor by Vehumet.
 25280 | Orc:2    | Found a staircase to the Elven Halls.
 25371 | Orc:2    | Noticed Nessos
 25373 | Orc:2    | Reached skill level 10 in Conjurations
 25376 | Orc:2    | Killed Nessos
 25390 | Orc:2    | Reached XP level 15. HP: 82/92 MP: 4/31
 25514 | Orc:2    | Found Xoaveth's General Store.
 25531 | Orc:2    | Found Pediot's Jewellery Boutique.
 25532 | Orc:2    | Found Ysaar's Armour Emporium.
 25532 | Orc:2    | Found Arroshrae's Antique Weapon Boutique.
 25546 | Orc:2    | Bought a scroll of enchant weapon for 112 gold pieces
 25546 | Orc:2    | Bought a scroll of identify for 30 gold pieces
 25547 | Orc:2    | Bought the amulet "Mepiw" {Gourm Dex+7 SInv} for 614 gold
                  | pieces
 25548 | Orc:2    | Bought a +2 pair of boots of flying for 258 gold pieces
 26086 | D:12     | Noticed Sonja
 26088 | D:12     | Killed Sonja
 26130 | D:12     | Noticed Josephine
 26135 | D:12     | Killed Josephine
 26341 | D:12     | Found Cut Siteno's Pet Rocks.
 26345 | D:12     | Reached skill level 5 in Fire Magic
 26355 | D:12     | Bought a crystal ball of energy for 360 gold pieces
 26355 | D:12     | Bought a wand of digging (5) for 324 gold pieces
 26380 | D:12     | Offered knowledge of Conjure Ball Lightning by Vehumet.
 26400 | D:12     | Found an iron altar of Okawaru.
 26770 | D:12     | Noticed Fannar
 26777 | D:12     | Killed Fannar
 26898 | D:12     | Noticed Azrael
 26985 | D:12     | Killed Azrael
 27193 | D:12     | You are sucked into a shaft and drop 1 floor!
 27302 | D:13     | Got a pair of steaming boots
 27313 | D:13     | Identified the +1 pair of boots of the Locust {rPois Dex+6
                  | Slay-6} (You found it on level 13 of the Dungeon)
 27366 | D:13     | Reached skill level 10 in Hexes
 27394 | D:13     | Noticed Wubbuut's ghost (journeyman GrEE)
 27472 | D:13     | Found a transporter.
 27735 | D:13     | Found a transporter.
 28264 | D:13     | Offered knowledge of Iron Shot by Vehumet.
 28272 | D:13     | Learned a level 6 spell: Iron Shot
 28488 | D:13     | Found a gate to the Vaults.
 28919 | D:9      | Killed Pooter's ghost
 29126 | Lair:2   | Identified a scroll of acquirement
 29449 | D:14     | Reached skill level 10 in Fire Magic
 29614 | D:14     | Reached skill level 1 in Evocations
 29807 | D:14     | Found a bloodstained altar of Trog.
 29855 | D:14     | Found a shimmering altar of Xom.
 30302 | D:14     | Reached XP level 16. HP: 97/97 MP: 20/32
 30505 | D:15     | Entered Level 15 of the Dungeon
 30616 | D:15     | Reached skill level 5 in Evocations
 31565 | D:15     | Found a runed translucent door.
 31565 | D:15     | Noticed a shadow dragon
 31571 | D:15     | Found the ring of the Mage {Wiz MR++ Int+3}
 31647 | D:15     | Found a shattered altar of Ashenzari.
 31716 | D:15     | Reached ****** piety under Vehumet
 31924 | D:15     | Found a staircase to the Depths.
 32195 | Depths:1 | Entered Level 1 of the Depths
 32205 | D:15     | Offered knowledge of Starburst by Vehumet.
 32205 | D:15     | Reached skill level 10 in Evocations
 33178 | Depths:1 | Found Xoeskao's Assorted Antiques.
 33186 | Depths:1 | Reached XP level 17. HP: 102/102 MP: 33/33
 33195 | Depths:1 | Bought a potion of heal wounds for 115 gold pieces
 33195 | Depths:1 | Bought a notched tourmaline ring for 115 gold pieces
 33195 | Depths:1 | Bought a faintly glowing lead ring for 115 gold pieces
 33195 | Depths:1 | Bought a scroll of remove curse for 69 gold pieces
 33228 | Depths:1 | Found a one-way gate to the infinite horrors of the Abyss.
 33254 | Depths:1 | Found a gateway to Hell.
 33545 | Depths:1 | Found a one-way gate leading to the halls of Pandemonium.
 33854 | Depths:1 | Identified the ring "Ameifise" {*Tele rC+ Dex+5} (You
                  | bought it in a shop on level 1 of the Depths)
 34778 | Lair:2   | Learned a level 6 spell: Freezing Cloud
 34823 | Snake:1  | Entered Level 1 of the Snake Pit
 34842 | Snake:1  | Reached skill level 1 in Ice Magic
 34842 | Snake:1  | Reached skill level 1 in Air Magic
 35290 | Snake:1  | Offered knowledge of Orb of Destruction by Vehumet.
 36118 | Snake:1  | Found a runed translucent gate.
 36119 | Snake:1  | Found a runed translucent gate.
 36119 | Snake:1  | Found an opulent altar of Gozag.
 36120 | Snake:1  | Found a runed translucent gate.
 36122 | Snake:1  | Noticed flyleaff's ghost (journeyman MiMo)
 36124 | Snake:1  | Found Gucreps's Assorted Antiques.
 36753 | Snake:1  | Killed flyleaff's ghost
 36753 | Snake:1  | Reached skill level 5 in Ice Magic
 37262 | Snake:1  | Bought a scroll of teleportation for 90 gold pieces
 37262 | Snake:1  | Bought a scroll of remove curse for 90 gold pieces
 37262 | Snake:1  | Bought a scroll of remove curse for 90 gold pieces
 37262 | Snake:1  | Bought a scroll of magic mapping for 105 gold pieces
 37262 | Snake:1  | Bought a potion of curing for 90 gold pieces
 37411 | Snake:2  | Reached skill level 5 in Air Magic
 38951 | Snake:2  | Found a runed translucent door.
 38952 | Snake:2  | Found a shimmering altar of Xom.
 38953 | Snake:2  | Noticed Zonian's ghost (adept SpEn)
 38972 | Snake:2  | Killed Zonian's ghost
 38988 | Snake:2  | Offered knowledge of Lehudib's Crystal Spear by Vehumet.
 38988 | Snake:2  | Offered knowledge of Fire Storm by Vehumet.
 38988 | Snake:2  | Offered knowledge of Chain Lightning by Vehumet.
 39556 | Snake:3  | Reached XP level 18. HP: 104/107 MP: 5/34
 39784 | Snake:3  | Found Sorgh's Distillery.
 39792 | Snake:3  | Bought a potion of mutation for 160 gold pieces
 39792 | Snake:3  | Bought a potion of curing for 60 gold pieces
 39792 | Snake:3  | Bought a potion of heal wounds for 100 gold pieces
 39792 | Snake:3  | Bought a potion of haste for 200 gold pieces
 39792 | Snake:3  | Bought a potion of haste for 200 gold pieces
 40736 | D:13     | Killed Wubbuut's ghost
 41070 | Snake:4  | Entered Level 4 of the Snake Pit
 41076 | Snake:4  | Noticed Vashnia
 41407 | Snake:4  | Killed Vashnia
 41796 | Snake:4  | Noticed Asterion
 42196 | Snake:4  | Reached skill level 10 in Ice Magic
 42845 | Snake:4  | HP: 5/107 [Asterion/+1 demon blade of freezing (6)]
 42846 | Snake:4  | Mangled by Asterion

Levels and vault maps discovered:
D:1:      dpeg_arrival_three_same_balls, layout_rooms, minmay_hexomino_p4
D:2:      layout_loops_ring, first_ration
D:3:      layout_basic, uniq_sigmund, uniq_ijyb
D:4:      layout_gridville, uniq_robin, uniq_eustachio
D:5:      layout_rooms, serial_shops, nicolae_shop_crystal, uniq_pikel
D:6:      layout_loops_cross
D:7:      layout_layer_cave, minmay_temple_entry_trees, fedhas_ov_isle_minmay
D:8:      layout_basic, nicolae_overflow_crystal_walls, serial_glass,
          glass_columns_c, glass_columns_a, glass_columns_a, glass_columns_b,
          glass_columns_b, glass_columns_b, glass_columns_a, glass_columns_a,
          david_nohive_1, elyvilon_altar_4, uniq_joseph
D:9:      layout_irregular_city, ebering_ghost_funeral_grove, uniq_psyche
D:10:     layout_basic, orc_0_dummy, minivault_16
D:11:     layout_basic, erik_lair_dragon, minmay_fractal_squares_5,
          uniq_maurice, uniq_nergalle, uniq_snorg
D:12:     layout_basic, basic_altar, guppyfry_shop_earth, uniq_sonja,
          uniq_josephine, uniq_azrael, uniq_fannar
D:13:     layout_basic, grunt_vaults_entry_tiered, gammafunk_ghost_mausoleum,
          serial_ice, serial_ice_l, serial_ice_d, serial_ice_g, serial_ice_m,
          grunt_decor_cap
D:14:     layout_roguey, serial_aquarium, aquarium_bridge_long_separate
          [aquarium_subvault_bridge, aquarium_subvault_bridge,
          aquarium_subvault_window, aquarium_subvault_window,
          aquarium_subvault_bridge, aquarium_subvault_window],
          aquarium_window_fake, aquarium_window_2, aquarium_window_corridor_1,
          aquarium_view_2b, aquarium_view_4, aquarium_pool_2, basic_altar,
          corexii_leaking_fountain, chequers_serial_rivers_micro_c,
          trog_ov_bears_minmay
D:15:     grunt_enter_depths_hoard, layout_rooms, evilmike_ruin_ashenzari,
          minmay_misc_feat_nine_boxes, minmay_st_funbox,
          minmay_misc_feat_encased, grunt_decor_resistance,
          minmay_fire_ice_demons
Temple:   dpeg_three_leaves_temple
Lair:1:   dragon1_lemuel, layout_chaotic_city, uniq_urug
Lair:2:   layout_chaotic_city, elwin_shoals_entry_rocks,
          minmay_lair_oklob_chamber, grunt_megastairs_4, lemuel_fruit_fields
Lair:3:   beast_lair_carwin_large_4, layout_chaotic_city,
          minmay_snake_entry_guardpost_small
Lair:4:   layout_gridlike, lemuel_fruit_tree
Lair:5:   layout_long_grid, dpeg_slime_entry_corner, gauntlet_entry_generic
Lair:6:   evilmike_catoblepas_cave, layout_small_grid,
          nicolae_quartered_pool_little, minmay_lair_oklob_bushes, minivault_11,
          serial_bayou_shore_a, serial_bayou_shore_b
Snake:1:  layout_cave_pods, ebering_ghost_gozag, nicolae_snake_lava_pool
Snake:2:  layout_onion, ebering_ghost_xom, grunt_ministairs_7
Snake:3:  layout_misc_corridors, serial_shops, shop_statue
Snake:4:  grunt_snake_rune_spirals, layout_onion, uniq_vashnia, uniq_asterion
Orc:1:    layout_diamond_mine
Orc:2:    st_orc_ogre_mass, layout_caves, uniq_nessos
Depths:1: layout_cave_shapes, pan_entry, hell_entry,
          chequers_serial_rivers_room_a, abyss_entry, serial_shops,
          nicolae_shop_crystal, grunt_ministairs_9,
          chequers_serial_rivers_micro_c, kennysheep_small_spiral,
          glass_columns_c, hangedman_decor_growths, minivault_12

Skill      XL: |  1  2  3  4  5  6  7  8  9 10 11 12 13 14 15 16 17 18 |
---------------+-------------------------------------------------------+-----
Earth Magic    | 4 5 6 7 9 10 11 13 14 16 | 16.2
Fighting       | 4 6 8 10 | 10.0
Shields        | 4 |  4.4
Hexes          | 5 6 9 10 | 10.0
Spellcasting   | 7 10 | 10.1
Conjurations   | 7 10 12 | 12.5
Short Blades   | 7 8 |  8.0
Dodging        | 10 | 10.1
Fire Magic     | 3 10 | 10.0
Evocations     | 3 13 14 | 14.3
Ice Magic      | 8 10 | 10.1
Air Magic      | 7 9 |  9.2
Stealth        | |  2.4
Transmutations | |  1.1

Action                   |  1- 3 |  4- 6 |  7- 9 | 10-12 | 13-15 | 16-18 || total
-------------------------+-------+-------+-------+-------+-------+-------++-------
Melee: Dagger            |     6 |    32 |    81 |   106 |       |       ||   225
       Quick blade       |       |       |       |   111 |   846 |   704 ||  1661
Throw: Dart              |       |     8 |    35 |    31 |    25 |       ||    99
       Stone             |       |       |       |       |       |     2 ||     2
 Cast: Sandblast         |    40 |    64 |   140 |   177 |    74 |    59 ||   554
       Stone Arrow       |       |     1 |    24 |   221 |   242 |    99 ||   587
       Confusing Touch   |       |       |     2 |     6 |     5 |     1 ||    14
       Lee's Rapid Decon |       |       |       |    32 |    95 |   110 ||   237
       Swiftness         |       |       |       |       |     6 |     3 ||     9
       Fireball          |       |       |       |       |    55 |    39 ||    94
       Iron Shot         |       |       |       |       |     7 |   122 ||   129
       Freezing Cloud    |       |       |       |       |       |    17 ||    17
 Abil: Evoke Invisibilit |       |       |       |       |     2 |     6 ||     8
Evoke: Wand              |       |       |     2 |     2 |     7 |     7 ||    18
       Crystal ball of e |       |       |       |       |       |    22 ||    22
  Use: Scroll            |       |       |     7 |     6 |    11 |    13 ||    37
       Potion            |       |       |       |       |       |     5 ||     5
 Stab: Sleeping          |     1 |     4 |     1 |     3 |     4 |     1 ||    14
       Distracted        |       |     1 |       |       |     1 |       ||     2
       Confused          |       |       |       |     2 |     3 |       ||     5
       Invisible         |       |       |       |       |       |     3 ||     3
  Eat: Chunk             |       |     7 |    17 |    28 |    58 |    72 ||   182
       Ration            |       |       |       |     3 |     5 |     6 ||    14
Armor: Robe              |     8 |    12 |    19 |    69 |    48 |    70 ||   226
Dodge: Dodged            |    17 |    44 |   135 |   234 |   331 |   438 ||  1199
       Deflected         |       |       |       |       |     7 |    16 ||    23
Block: Buckler           |       |       |       |   115 |   186 |   220 ||   521

Table legend:
 A = Non-vault XP
 B = Vault XP
 C = Vault XP percentage of total XP
 D = Non-vault monster count
 E = Vault monster count
 F = Vault count percentage of total count
                 A         B        C        D         E       F
            +---------+---------+-------+---------+---------+-------
      Total |  204895 |  114144 |  35.8 |     813 |     279 |  25.5
            +---------+---------+-------+---------+---------+-------
        D:1 |      39 |       6 |  13.3 |      24 |       3 |  11.1
        D:2 |      72 |       0 |   0.0 |      13 |       0 |   0.0
        D:3 |     321 |     269 |  45.6 |      27 |       2 |   6.9
        D:4 |     375 |     249 |  39.9 |      22 |      13 |  37.1
        D:5 |     505 |     663 |  56.8 |      22 |       1 |   4.3
        D:6 |     797 |       0 |   0.0 |      17 |       0 |   0.0
        D:7 |    1078 |      61 |   5.4 |      22 |       1 |   4.3
        D:8 |    1216 |    1626 |  57.2 |      14 |      16 |  53.3
        D:9 |    2212 |    2119 |  48.9 |      41 |       6 |  12.8
       D:10 |    2036 |     442 |  17.8 |      16 |       1 |   5.9
       D:11 |    3801 |    4878 |  56.2 |      32 |      15 |  31.9
       D:12 |    5772 |    7275 |  55.8 |      33 |      20 |  37.7
       D:13 |   11038 |   13259 |  54.6 |      42 |      43 |  50.6
       D:14 |   10090 |     862 |   7.9 |      45 |       3 |   6.2
       D:15 |   23062 |    4969 |  17.7 |      49 |      13 |  21.0
     Lair:1 |    4459 |    1837 |  29.2 |      21 |       2 |   8.7
     Lair:2 |    4414 |    2612 |  37.2 |      22 |      11 |  33.3
     Lair:3 |    1468 |    3667 |  71.4 |       8 |      17 |  68.0
     Lair:4 |    1769 |       0 |   0.0 |       4 |       0 |   0.0
     Lair:5 |   11721 |       0 |   0.0 |      44 |       0 |   0.0
     Lair:6 |   14487 |   12662 |  46.6 |      45 |      24 |  34.8
    Snake:1 |   15568 |    8960 |  36.5 |      32 |      16 |  33.3
    Snake:2 |   19615 |    3690 |  15.8 |      38 |       7 |  15.6
    Snake:3 |   16334 |       0 |   0.0 |      32 |       0 |   0.0
    Snake:4 |    9421 |    8987 |  48.8 |      17 |       7 |  29.2
      Orc:1 |    6948 |       0 |   0.0 |      59 |       0 |   0.0
      Orc:2 |    3225 |   17213 |  84.2 |      26 |      36 |  58.1
   Depths:1 |   33052 |   13137 |  28.4 |      46 |      12 |  20.7
   Gauntlet |       0 |    4701 | 100.0 |       0 |      10 | 100.0
            +---------+---------+-------+---------+---------+-------
